cohdb
Replays
Latest Replays
All Replays
Popular Replays
Top Player Replays
Match Explorer
How It Works
Community
CoH3 Stats
Reddit
Sign in to upload your games and track your stats! →
Sign in with Steam
Match 45366414
Unlisted
Match 45366414
Overview
Messages
Build Orders
End
Construct Barracks
Riflemen Squad
Selects Heavy Weapons
M1 Mortar Team
Riflemen Squad
Infantry Support Center
Riflemen Squad
Construct Weapon Support Center
Selects Assault Carriers
M3 Assault Carrier
Tzeh
Agua de Jamaica
j-dude117
Mowferless
SirFecker
Wick
rat.tat
̶H̶e̶c̶t̶o̶r̶
0
0
Comments
sign in to comment!
No comments posted yet!